 Dungeon Crawl Stone Soup version 0.31-a0-740-g87205ac768 (webtiles) character file.

Game seed: 14721368191516140946

18762 Ge0ff the Spear-Bearer (level 12, -1/96 (127) HPs)
             Began as a Troll Hedge Wizard on Sept 12, 2023.
             Was a High Priest of Makhleb.
             Shot with an arrow by a minotaur (35 damage)
             ... in a Gauntlet.
             The game lasted 00:24:49 (12032 turns).

Ge0ff the Spear-Bearer (Troll Hedge Wizard)        Turns: 12032, Time: 00:24:50

HP:   -1/96 (127)   AC: 12    Str: 29    XL:     12   Next: 30%
MP:   0/16          EV:  9    Int: 10    God:    Makhleb [*****.]
Gold: 1168          SH:  0    Dex: 11    Spells: 14/15 levels left

rFire   + . .        a - +8 lance "Wyrmbane" {slay drac, rPois rF+ rC+ AC+3}
rCold   + . .        (no shield)
rNeg    . . .        Y - +3 troll leather armour
rPois   +            c - +0 hat
rElec   .            R - +0 cloak
rCorr   .            (gloves unavailable)
SInv    .            (boots unavailable)
Will    .....        P - amulet of guardian spirit
Stlth   +            G - ring of poison resistance {=R}
HPRegen 1.96/turn    N - +6 ring of strength
MPRegen 0.15/turn

%: no teleportation, guardian spirit
@: weak-willed, on berserk cooldown, hasted and slowed, studying Fighting,
heavily drained
A: large, unfitting armour, claws 3, regeneration 1, shaggy fur 1, tough skin 1
a: Renounce Religion, Minor Destruction, Lesser Servant of Makhleb, Major
Destruction, Greater Servant of Makhleb


You were in a Gauntlet.
You worshipped Makhleb.
Makhleb was extremely pleased with you.
You visited 2 branches of the dungeon, and saw 13 of its levels.
You also visited: Sewer and Gauntlet.

You collected 1781 gold pieces.
You spent 613 gold pieces at shops.

Inventory:

Hand Weapons
 a - the +8 lance "Wyrmbane" (weapon) {slay drac, rPois rF+ rC+ AC+3}
   (You acquired it on level 6 of the Dungeon)

   AC+3:      It affects your AC (+3).
   rF+:       It protects you from fire.
   rC+:       It protects you from cold.
   rPois:     It protects you from poison
 n - a +2 quarterstaff of chaos
 S - a +2 trident of draining
Missiles
 p - 11 large rocks
 v - 8 curare-tipped darts {=F}
 x - 16 boomerangs
 F - 53 poisoned darts
 I - 9 javelins
 O - 122 stones
Armour
 c - a +0 hat (worn)
 Q - a +2 robe of cold resistance
 R - a +0 cloak (worn)
 Y - a +3 troll leather armour (worn)
Jewellery
 t - a ring of protection from fire
 D - a +6 ring of intelligence
 G - a ring of poison resistance (left claw) {=R}
 N - a +6 ring of strength (right claw)
 P - an amulet of guardian spirit (around neck)
Talismans
 L - a beast talisman
Wands
 r - a wand of roots (3)
 s - a wand of mindburst (11)
Scrolls
 m - 2 scrolls of revelation
 w - a scroll of brand weapon
 B - a scroll of blinking
 E - 3 scrolls of fear (quivered)
 J - a scroll of silence {!r}
 T - 11 scrolls of teleportation
 V - 2 scrolls of vulnerability
Potions
 o - a potion of ambrosia
 q - 11 potions of curing
 u - 2 potions of mutation {!q}
 z - a potion of brilliance
 A - 2 potions of attraction
 K - 2 potions of magic {!q}
 W - 3 potions of heal wounds {!q}
 X - 2 potions of enlightenment
 Z - a potion of berserk rage {!q}
Miscellaneous
 U - a phantom mirror (inert)


   Skills:
 + Level 10.5 Fighting
 * Level 11.8 Polearms
 - Level 2.0 Throwing
 - Level 1.5 Dodging
 - Level 1.0 Stealth
 - Level 7.0 Unarmed Combat
 - Level 2.0 Spellcasting
 - Level 0.6 Conjurations
 - Level 0.6 Summonings
 - Level 0.6 Translocations
 + Level 7.6 Invocations
 + Level 2.3 Evocations


You had 14 spell levels left.
You knew the following spells:

 Your Spells              Type           Power      Damage    Failure   Level
k - Magic Dart            Conj           8%         1d3       26%         1

Your spell library contained the following spells:

 Spells                   Type           Power      Damage    Failure   Level
 Freeze                   Ice            4%         1d3       34%         1
 Slow                     Hex            4%         N/A       34%         1
 Blink                    Tloc           4%         N/A       38%         2
 Call Imp                 Summ           4%         N/A       38%         2
 Cigotuvi's Dreadful Rot  Necr/Pois/Air  2%         N/A       45%         2
 Sublimation of Blood     Necr           1%         N/A       45%         2
 Wereblood                Tmut           1%         N/A       45%         2
 Mephitic Cloud           Conj/Pois/Air  1%         N/A       67%         3
 Summon Hydra             Summ           1%         N/A       100%        7


Dungeon Overview and Level Annotations

Branches:
Dungeon (12/15) Zot: 25633  Temple (0/1) D:5            Lair (1/5) D:9 Zot: 5964
    Orc (0/2) D:12          Sewer (visited)         Gauntlet (1/1) Zot: 5485

Altars:
Ashenzari
Dithmenos
Fedhas
Kikubaaqudgha
Makhleb
Okawaru
Trog
Uskayaw
Wu Jian
The Shining One

Shops:
D:9 [[   D:10 *   D:11 *

Annotations:
Gauntlet 8 transporters, 2 runed translucent doors, exclusion: lightning spire


Innate Abilities, Weirdness & Mutations

You are too large for most types of armour.
You have claws for hands.
Your natural rate of healing is unusually fast.
You are covered in fur. (AC +1)
You have tough skin. (AC +1)


Message History

Roots grab the cacodemon.
The grasping roots constrict the minotaur, but do no damage.
The grasping roots constrict the cacodemon.
The roots release their grip on the minotaur.
The minotaur is engulfed in poison gas.
The minotaur looks as sick as possible!
The minotaur shoots an arrow.
The arrow hits you!
You feel drained. The cacodemon barely misses you. The cacodemon hits you!
Throw: throwing net {=F}
Press: ? - help, Shift-Dir - straight line, f/p - cacodemon
Aim: a cacodemon (lightly wounded, summoned, weak-willed, constricted by roots, ally target, 93% to hit)
You throw a throwing net {=F}.
The throwing net {=F} hits the cacodemon.
The cacodemon is caught in the net!
The cacodemon is lightly wounded.
The grasping roots constrict the cacodemon.
The minotaur is engulfed in poison gas.
The minotaur looks as sick as possible!
The minotaur shoots an arrow.
The arrow hits you!
You feel drained.
Your cacodemon hits the cacodemon but does no damage.
Your cacodemon hits the cacodemon!
The cacodemon struggles against the net.
You puncture the cacodemon!
The cacodemon is moderately wounded.
The grasping roots constrict the cacodemon, but do no damage.
The minotaur is engulfed in poison gas.
The minotaur looks as sick as possible!
The minotaur shoots an arrow.
The arrow hits you!
You feel drained.
You puncture the cacodemon!
The cacodemon is moderately wounded.
The grasping roots constrict the cacodemon.
The cacodemon gestures at you.
You barely resist.
The cacodemon struggles against the net.
Your cacodemon hits the cacodemon. x2
You puncture the cacodemon! You claw the cacodemon.
The cacodemon is heavily wounded.
The grasping roots constrict the cacodemon.
The minotaur is engulfed in poison gas.
The minotaur looks as sick as possible!
You hit the cacodemon but do no damage.
The cacodemon is severely wounded.
The grasping roots constrict the cacodemon.
The roots release their grip on the cacodemon.
Your cacodemon gestures at the cacodemon.
The cacodemon appears confused.
You hit the cacodemon.
The cacodemon is severely wounded.
The minotaur is engulfed in poison gas.
The minotaur looks as sick as possible!
The minotaur shoots an arrow.
The arrow hits you!!!
You die...

#...##≈...#. ####.♣.
##.P.#) ........##..♣.#=
#.###.♣.#..PP.#©
........#.♣P..#.
..#.#.©.#.P...#Z
#########.#.#...#.....#k
#8§8§8☼8#...#.©.#.....##
#§H.§○○@22###...#..∩....
#8§8○8☼8#...#.©.#.....##
#########.#.#...#.....#.
#.....#.#.©.#.....#)
#8..........#.♣...#=
##.##.###.♣.#...P.#©
#..........##..♣.#.
########.♣.###...#Z
#...##≈...#k


You could see a cacodemon (summoned, caught, confused, weak-willed, ally
target), a minotaur (extremely poisoned, weak-willed) and a friendly cacodemon
(summoned, weak-willed, drained).

Vanquished Creatures
  A boulder beetle (D:12)
  2 two-headed ogres
  Urug (D:11)
  Sonja (D:11)
  An obsidian statue (Gauntlet)
  An orange crystal statue (D:9)
  3 cyclopes
  Maurice (D:11)
  2 gargoyles (D:12)
  Jeremiah (D:8)
  3 komodo dragons
  A kobold demonologist (D:11)
  A queen bee (Gauntlet)
  A polar bear (Lair:1)
  4 trolls
  2 hornets
  3 slime creatures (D:10)
  A vampire (D:12)
  A wraith (D:10)
  Sigmund (D:4)
  Grum (D:8)
  2 shadows
  15 yaks (D:10)
  A wyvern (D:10)
  A ynoxinul (Gauntlet)
  Edmund (D:5)
  A water moccasin (D:9)
  2 black bears
  A sky beast (D:7)
  6 orc warriors
  9 wolves
  An ogre (D:6)
  3 centaurs
  A phantom (D:6)
  7 kobold brigands
  Blork the orc (D:4)
  A bullfrog (D:9)
  A scorpion (D:6)
  6 wights
  18 killer bees
  4 howler monkeys
  2 jellies
  Crazy Yiuf (D:4)
  13 orc priests
  4 hounds
  6 iron imps
  4 sleepcaps
  2 iguanas
  Terence (D:2)
  10 orc wizards
  Natasha (thrice) (D:2)
  10 gnolls
  A river rat (Sewer)
  12 adders
  6 shadow imps
  9 white imps
  8 ufetubi (D:7)
  A worm (D:2)
  2 dart slugs
  40 orcs
  3 bats
  5 endoplasms
  7 giant cockroaches
  2 goblins
  8 hobgoblins
  7 jackals (D:4)
  3 quokkas (D:3)
  6 ball pythons
  4 frilled lizards (D:2)
  26 kobolds
  5 rats
326 creatures vanquished.

Vanquished Creatures (collateral kills)
  A deep elf pyromancer (D:12)
1 creature vanquished.

Grand Total: 327 creatures vanquished

Notes
Turn   | Place    | Note
-------+----------+-------------------------------------------
     0 | D:1      | Ge0ff the Troll Hedge Wizard began the quest for the Orb.
     0 | D:1      | Reached XP level 1. HP: 16/16 MP: 2/2
    98 | D:1      | Reached skill level 1 in Unarmed Combat
   316 | D:1      | Reached XP level 2. HP: 26/26 MP: 4/4
   321 | D:1      | Reached skill level 1 in Fighting
   566 | D:2      | Reached XP level 3. HP: 33/33 MP: 5/5
   677 | D:2      | Noticed Terence
   695 | D:2      | Killed Terence
   731 | D:2      | Found a faded altar of an unknown god.
   737 | D:2      | Got Plato's Discourse on Snow
   738 | D:2      | Prayed at the altar of an unknown god.
   738 | D:2      | Became a worshipper of Makhleb the Destroyer
   738 | D:2      | Reached * piety under Makhleb
   824 | D:2      | Noticed Natasha
   836 | D:2      | Killed Natasha
   837 | D:2      | Reached XP level 4. HP: 33/42 MP: 3/6
  1577 | D:2      | Noticed Natasha
  1589 | D:2      | Killed Natasha
  1590 | D:2      | Reached XP level 5. HP: 30/50 MP: 2/7
  1688 | D:2      | Noticed Natasha
  1697 | D:2      | Killed Natasha
  2113 | D:3      | Found an ancient bone altar of Kikubaaqudgha.
  2113 | D:3      | Found a shadowy altar of Dithmenos.
  2173 | D:3      | Found a blossoming altar of Fedhas.
  2587 | D:4      | Noticed Sigmund
  2603 | D:4      | Killed Sigmund
  2604 | D:4      | Reached XP level 6. HP: 19/61 MP: 2/8
  2617 | D:4      | Reached skill level 5 in Unarmed Combat
  2618 | D:4      | Found a burning altar of Makhleb.
  2620 | D:4      | Noticed Blork the orc
  2639 | D:4      | Killed Blork the orc
  2721 | D:4      | Reached ** piety under Makhleb
  2727 | D:4      | Reached XP level 7. HP: 67/67 MP: 7/9
  3061 | D:4      | Found a runed translucent door.
  3062 | D:4      | Noticed Crazy Yiuf
  3067 | D:4      | Paralysed by Crazy Yiuf for 5 turns
  3073 | D:4      | Killed Crazy Yiuf
  3276 | D:5      | Entered Level 5 of the Dungeon
  3509 | D:5      | Found a staircase to the Ecumenical Temple.
  3632 | D:5      | Reached skill level 1 in Invocations
  3840 | D:5      | Found a broken altar of Ashenzari.
  3840 | D:5      | Noticed Edmund
  3861 | D:5      | Killed Edmund
  3865 | D:5      | You fall into a shaft and drop 1 floor!
  3866 | D:6      | Identified a scroll of acquirement
  3866 | D:6      | Acquired the +8 lance "Wyrmbane" {slay drac, rPois rF+ rC+
                  | AC+3}
  3866 | D:6      | Found the +8 lance "Wyrmbane" {slay drac, rPois rF+ rC+
                  | AC+3}
  3981 | D:6      | Found a glowing drain.
  4001 | Sewer    | Entered a sewer
  4086 | Sewer    | Reached skill level 1 in Polearms
  4086 | Sewer    | Reached XP level 8. HP: 55/78 MP: 6/10
  4128 | Sewer    | Found a white marble altar of Elyvilon.
  4186 | D:6      | Reached skill level 2 in Polearms
  4214 | D:6      | Reached skill level 3 in Polearms
  4495 | D:6      | Reached *** piety under Makhleb
  4551 | D:6      | Reached skill level 4 in Polearms
  4569 | D:6      | Reached skill level 1 in Throwing
  4950 | D:6      | Reached skill level 5 in Polearms
  4992 | D:6      | Reached XP level 9. HP: 84/84 MP: 11/11
  5171 | D:6      | Found a glowing golden altar of the Shining One.
  5491 | D:7      | Reached skill level 6 in Polearms
  5569 | D:7      | Found a bloodstained altar of Trog.
  5762 | D:7      | Reached **** piety under Makhleb
  5849 | D:7      | Reached skill level 7 in Polearms
  6282 | D:8      | Noticed Jeremiah
  6296 | D:8      | Reached skill level 5 in Fighting
  6344 | D:8      | Noticed a troll
  6543 | D:7      | Killed a troll
  6633 | D:8      | Reached ***** piety under Makhleb
  6738 | D:8      | Reached skill level 8 in Polearms
  6871 | D:8      | Killed Jeremiah
  6872 | D:8      | Reached XP level 10. HP: 66/91 MP: 7/12
  7110 | D:8      | Noticed Grum
  7118 | D:8      | Killed Grum
  7416 | D:9      | Acquired 922 gold pieces
  7418 | D:9      | Found Luekoah's Armour Emporium.
  7426 | D:9      | Paralysed by a hornet for 3 turns
  7576 | D:9      | Noticed an orange crystal statue
  7592 | D:9      | Noticed a two-headed ogre
  7602 | D:9      | Killed a two-headed ogre
  7603 | D:9      | Reached skill level 9 in Polearms
  7807 | D:9      | Found a staircase to the Lair.
  7830 | D:9      | Found Xoeropogra's Antique Armour Shoppe.
  7855 | D:9      | Found Kaschas's Magic Scroll Emporium.
  7861 | D:9      | Bought a scroll of blinking for 90 gold pieces
  7861 | D:9      | Bought a scroll of identify for 24 gold pieces
  7861 | D:9      | Bought a scroll of identify for 24 gold pieces
  7861 | D:9      | Bought a scroll of identify for 24 gold pieces
  7861 | D:9      | Bought a scroll of teleportation for 36 gold pieces
  7861 | D:9      | Bought a scroll of teleportation for 36 gold pieces
  7861 | D:9      | Bought a scroll of vulnerability for 48 gold pieces
  8186 | D:9      | Killed an orange crystal statue
  8187 | D:9      | Reached skill level 5 in Invocations
  8240 | D:10     | Entered Level 10 of the Dungeon
  8242 | D:10     | Found Cuel's Assorted Antiques.
  8245 | D:10     | Bought an inky potion for 27 gold pieces
  8245 | D:10     | Bought a scroll of fear for 124 gold pieces
  8396 | D:10     | Reached XP level 11. HP: 79/111 MP: 6/14
  8643 | D:10     | Reached skill level 10 in Polearms
  8689 | D:10     | Found an ornate altar of the Wu Jian Council.
  8953 | D:10     | Found an iron altar of Okawaru.
  9280 | D:11     | Noticed Maurice
  9286 | D:11     | Killed Maurice
  9311 | D:11     | Found Wausocum's General Store.
  9316 | D:11     | Bought a potion of heal wounds for 75 gold pieces
  9316 | D:11     | Bought a potion of curing for 45 gold pieces
  9316 | D:11     | Bought a scroll of identify for 30 gold pieces
  9316 | D:11     | Bought a scroll of identify for 30 gold pieces
  9423 | D:11     | Noticed Urug
  9442 | D:11     | Killed Urug
  9694 | D:11     | Found a hide-covered altar of Uskayaw.
  9719 | D:11     | Identified the +8 rapier "Yzouph" {freeze, Drain rPois
                  | Dex+3 Stlth+}
  9894 | D:11     | Noticed Sonja
  9896 | D:11     | Killed Sonja
 10083 | D:12     | Noticed a deep elf pyromancer
 10093 | D:12     | Killed a deep elf pyromancer
 10094 | D:12     | Reached skill level 11 in Polearms
 10115 | D:12     | Noticed a two-headed ogre
 10128 | D:12     | Killed a two-headed ogre
 10365 | D:12     | Found a staircase to the Orcish Mines.
 10554 | D:12     | Reached ****** piety under Makhleb
 10555 | D:12     | Reached skill level 1 in Evocations
 10656 | D:12     | Reached skill level 10 in Fighting
 10721 | D:12     | Noticed a boulder beetle
 10748 | D:12     | Killed a boulder beetle
 10749 | D:12     | Reached XP level 12. HP: 115/126 MP: 10/16
 11426 | Lair:1   | Entered Level 1 of the Lair of Beasts
 11426 | Lair:1   | Found a gate leading to a gauntlet.
 11486 | Gauntlet | Entered a Gauntlet
 11486 | Gauntlet | Found a transporter.
 11576 | Gauntlet | Found a transporter.
 11578 | Gauntlet | Found a transporter.
 11583 | Gauntlet | Found a runed translucent door.
 11585 | Gauntlet | Found a runed translucent door.
 11588 | Gauntlet | Found a transporter.
 11591 | Gauntlet | Found a transporter.
 11601 | Gauntlet | Found a transporter.
 11617 | Gauntlet | Found a transporter.
 11630 | Gauntlet | Found a transporter.
 11642 | Gauntlet | Found a transporter.
 11647 | Gauntlet | Found a transporter.
 11647 | Gauntlet | Found a transporter.
 11675 | Gauntlet | Found a transporter.
 11675 | Gauntlet | Found a transporter.
 11727 | Gauntlet | Found a transporter.
 11899 | Gauntlet | Identified the +2 pair of gloves "Qouth" {Regen+ Int+4}
 12013 | Gauntlet | Identified the +7 shortbow "Zoifyul" {drain, Str+2 Stlth+}
 12013 | Gauntlet | Identified the +6 flail of Ash {flame, Str+2 SInv Stlth+}
 12013 | Gauntlet | Noticed a minotaur
 12016 | Gauntlet | Noticed a cacodemon
 12032 | Gauntlet | Shot with an arrow by a minotaur

Illustrated notes

Levels and vault maps discovered:
D:1:      tarquinn_simple_flora_water_f, layout_rooms, minmay_vboxes
D:2:      layout_basic, shapermc_ecumenical_altar_rom_forum,
          serial_bayou_pond_e, chequers_serial_rivers_micro_a,
          minmay_tromino_v4_b, uniq_natasha, uniq_terence
D:3:      layout_loops_cross, fedhas_ov_isle_minmay,
          mainiacjoe_overflow_divided_tiny
D:4:      layout_rooms, demons_altar, uniq_blork_the_orc, uniq_sigmund,
          uniq_crazy_yiuf_cottage
D:5:      layout_loops_cross, old_standard_altar,
          minmay_temple_entry_glassed_door, kennysheep_generic_room_6,
          uniq_edmund
D:6:      layout_basic, mainiacjoe_overflow_tiny_flanked, portal_sewer_entry_b,
          roderic_roman_lattice
D:7:      layout_basic, mainiacjoe_overflow_small_starburst, serial_demonic,
          serial_demonic_c, serial_demonic_f, serial_demonic_g,
          serial_demonic_d, serial_demonic_f, serial_demonic_b,
          serial_demonic_g, serial_demonic_d, serial_demonic_a,
          serial_demonic_a, minmay_manual_mares
D:8:      layout_basic, kennysheep_small_square, uniq_jeremiah, uniq_grum
D:9:      layout_roguey, dpeg_oklobed_lair, serial_shops, shop, shop,
          nicolae_stop_n_shop_1, minmay_statue_bubble
D:10:     layout_roguey, mainiacjoe_overflow_surrounded_room,
          okawaru_metal_pillars_1_2, serial_shops, nicolae_shop_crystal
D:11:     layout_irregular_city, serial_shops, nicolae_square_shop,
          eat_drink_and_be_merry_uskayaw, uniq_sonja, uniq_maurice, uniq_urug
D:12:     layout_stronghold, minmay_orc_entry_temple_large,
          kennysheep_generic_room_7
Lair:1:   layout_regular_city, gauntlet_entry_generic, grunt_megastairs_2
Gauntlet: minmay_gauntlet_77_tree [minmay_gauntlet_arena_77_braids,
          minmay_gauntlet_arena_77_broken_ladder,
          minmay_gauntlet_arena_77_cramped, minmay_gauntlet_arena_77_two_paths,
          minmay_gauntlet_arena_77_hold_the_fort,
          minmay_gauntlet_arena_77_terracotta_army,
          minmay_gauntlet_arena_77_squiggly,
          nicolae_gauntlet_exit_dead_adventurers]

Skill      XL: |  1  2  3  4  5  6  7  8  9 10 11 12 |
---------------+-------------------------------------+-----
Unarmed Combat | 1 2 3 4 6 7 |  7.0
Fighting       | 1 2 3 4 6 8 10 | 10.5
Invocations    | 2 3 5 7 |  7.6
Polearms       | 1 5 8 9 11 | 11.8
Throwing       | 2 |  2.0
Evocations     | 1 2 |  2.3
Dodging        | |  1.5
Stealth        | |  1.0
Spellcasting   | |  2.0
Conjurations   | |  0.6
Summonings     | |  0.6
Translocations | |  0.6

Action                     |  1- 3 |  4- 6 |  7- 9 | 10-12 || total
---------------------------+-------+-------+-------+-------++-------
  Melee: Unarmed           |    83 |   100 |   162 |       ||   345
         Punch             |     2 |     1 |    15 |    28 ||    46
         Lance             |       |       |   295 |   600 ||   895
  Throw: Boomerang         |       |       |    20 |     5 ||    25
         Dart              |       |       |       |     1 ||     1
         Throwing net      |       |       |       |     1 ||     1
 Invoke: Minor Destruction |       |       |       |     2 ||     2
         Lesser Servant of |       |       |       |     1 ||     1
         Greater Servant o |       |       |       |     1 ||     1
  Evoke: Wand              |       |       |       |    11 ||    11
         Phantom mirror    |       |       |       |     1 ||     1
    Use: Potion            |       |     3 |     3 |     7 ||    13
         Scroll            |       |     1 |    13 |    15 ||    29
   Stab: Sleeping          |     2 |     5 |     1 |     1 ||     9
         Distracted        |       |       |       |     1 ||     1
 Armour: Robe              |    34 |    82 |   285 |       ||   401
         Troll leather arm |       |       |    20 |   370 ||   390
  Dodge: Dodged            |    26 |    74 |   171 |   172 ||   443

Table legend: (Time is in decaauts)
 A = Elapsed time spent in this place.
 B = Non-inter-level travel time spent in this place.
 C = Inter-level travel time spent in this place.
 D = Time resting spent in this place.
 E = Time spent auto-exploring this place.
 F = Levels seen in this place.
 G = Mean time per level.
                   A        B        C        D        E       F      G
               +--------+--------+--------+--------+--------+-----+--------+
         Total |  11716 |  11055 |    661 |    175 |   8319 |  15 |  781.1 |
       Dungeon |  10995 |  10334 |    661 |    159 |   7856 |  12 |  916.2 |
          Lair |     35 |     35 |      0 |      0 |      0 |   1 |   35.0 |
         Sewer |    172 |    172 |      0 |     16 |     93 |   1 |  172.0 |
      Gauntlet |    513 |    513 |      0 |      0 |    370 |   1 |  513.0 |
               +--------+--------+--------+--------+--------+-----+--------+

Top non-repeatable levels by time:
     D:2: 1502 daAuts
    D:12: 1288 daAuts
     D:6: 1094 daAuts
     D:7: 942 daAuts
     D:8: 941 daAuts
    D:10: 894 daAuts
     D:5: 886 daAuts
     D:9: 860 daAuts
    D:11: 816 daAuts
     D:4: 731 daAuts
     D:3: 567 daAuts
Gauntlet: 513 daAuts
     D:1: 470 daAuts
   Sewer: 172 daAuts
  Lair:1: 35 daAuts
